 Dungeon Sprint DCSS version 0.30-a0-949-g53dc5368d7 (webtiles) character file.

Game seed: 10717889553974006295

20 NinjaNoafa the Chopper (level 2, 0/26 HPs)
             Began as a Hill Orc Fighter on Mar 20, 2023.
             Was an Initiate of Hepliaklqana.
             Slain by a black bear (3 damage)
             ... in the Dungeon (Sprint VII: "The Pits") on Mar 27, 2023.
             The game lasted 00:01:58 (343 turns).

NinjaNoafa the Chopper (Hill Orc Fighter)            Turns: 343, Time: 00:01:59

Health: 0/26       AC:  6    Str: 18    XL:     2   Next: 79%
Magic:  2/2        EV:  9    Int:  8    God:    Hepliaklqana [......]
Gold:   0          SH:  4    Dex: 10    Spells: 1/1 levels left

rFire   . . .      SeeInvis .    k - +2 hand axe
rCold   . . .      Faith    .    c - +0 buckler
rNeg    . . .      Spirit   .    b - +0 scale mail
rPois   .          Reflect  .    (no helmet)
rElec   .          Rampage  .    (no cloak)
rCorr   .          NoTele   +    (no gloves)
Will    .....                    (no boots) Stlth
                                 (no amulet)
HPRegen 0.24/turn                (no ring)
MPRegen 0.08/turn                (no ring)

@: on berserk cooldown, slowed, very slow
A: no striking features
a: Renounce Religion


You were in the Dungeon.
You worshipped Hepliaklqana.
Hepliaklqana was noncommittal.
You visited 1 branch

Inventory:

Hand Weapons
 k - a +2 hand axe (weapon)
Armour
 b - a +0 scale mail (worn)
 c - a +0 buckler (worn)
Scrolls
 j - a scroll of blinking
 l - 5 scrolls of amnesia
 m - a scroll of summoning
 n - 2 scrolls of vulnerability
Potions
 a - 2 potions of invisibility
 d - a potion of might
 e - a potion of curing
 g - a potion of haste
 h - 4 potions of magic
 i - 2 potions of berserk rage


   Skills:
 - Level 3.6 Fighting
 + Level 7.5 Axes
 - Level 3.2 Armour
 - Level 3.2 Shields


You had one spell level left.
You didn't know any spells.
Your spell library was empty.

Dungeon Overview and Level Annotations

Branches:
Dungeon (1/1)

Altars:
Ashenzari
Cheibriados
Dithmenos
Elyvilon
Fedhas
Gozag
Hepliaklqana
Kikubaaqudgha
Makhleb
Nemelex Xobeh
Okawaru
Qazlal
Ru
Sif Muna
Trog
Uskayaw
Vehumet
Wu Jian
Xom
Yredelemnul
Zin
The Shining One
Beogh
Jiyva
Lugonu


Message History

Unknown command.
You hit the black bear but do no damage.
The black bear is moderately wounded.
You block the black bear's attack.
The black bear claws you but does no damage.
The black bear claws you.
You hit the black bear.
The black bear is heavily wounded.
The black bear bites you. You block the black bear's attack.
The black bear claws you but does no damage.
The black bear bites you.
The black bear claws you but does no damage. x2
You slash the black bear!
The black bear is severely wounded.
The black bear bites you but does no damage.
The black bear claws you but does no damage. x2
Unknown command.
You hit the black bear.
The black bear is severely wounded.
The black bear bites you. The black bear closely misses you.
The black bear claws you but does no damage.
The black bear bites you.
* * * LOW HITPOINT WARNING * * *
The black bear claws you but does no damage.
The black bear claws you.
* * * LOW HITPOINT WARNING * * *
You hit the black bear but do no damage.
The black bear is severely wounded.
The black bear closely misses you.
The black bear claws you but does no damage. x2
Unknown command.
Unknown command.
You hit the black bear.
The black bear is almost dead.
The black bear bites you.
* * * LOW HITPOINT WARNING * * *
The black bear claws you.
* * * LOW HITPOINT WARNING * * *
The black bear claws you.
You die...

#......†....'........
+#####'#####......#.
#.)#..# #........
#.†'..# ####'####
#..#### #.......#
#..# # #.......# #..#
.# #.......#
##'#..#+###...<...#
#.@h.....##.......#
#..).....##.......#
###########.......#
#########


You could see a black bear.

Vanquished Creatures
  A gnoll (D)
  A ball python (D)
  2 bats (D)
  An endoplasm (D)
  2 goblins (D)
  A hobgoblin (D)
  A frilled lizard (D)
9 creatures vanquished.

Notes
Turn   | Place    | Note
-------+----------+-------------------------------------------
     0 | D        | NinjaNoafa the Hill Orc Fighter began the quest for the
                  | Orb.
     0 | D        | Reached XP level 1. HP: 19/19 MP: 1/1
   221 | D        | Upgraded the game from 0.30-a0-918-g0ff054e9dc to
                  | 0.30-a0-949-g53dc5368d7
   233 | D        | Reached skill level 4 in Axes
   237 | D        | Found a bloodstained altar of Trog.
   237 | D        | Found a shimmering blue altar of Sif Muna.
   237 | D        | Found a viscous altar of Jiyva.
   237 | D        | Found a hazy altar of Hepliaklqana.
   237 | D        | Found an opulent altar of Gozag.
   262 | D        | Found a glowing golden altar of the Shining One.
   262 | D        | Found a glowing silver altar of Zin.
   262 | D        | Found a basalt altar of Yredelemnul.
   262 | D        | Found a shimmering altar of Xom.
   262 | D        | Found an ornate altar of the Wu Jian Council.
   262 | D        | Found a sacrificial altar of Ru.
   262 | D        | Found a stormy altar of Qazlal.
   262 | D        | Found an iron altar of Okawaru.
   262 | D        | Found a sparkling altar of Nemelex Xobeh.
   262 | D        | Found a burning altar of Makhleb.
   262 | D        | Found a blossoming altar of Fedhas.
   262 | D        | Found a white marble altar of Elyvilon.
   262 | D        | Found a shadowy altar of Dithmenos.
   262 | D        | Found a snail-covered altar of Cheibriados.
   263 | D        | Found a radiant altar of Vehumet.
   263 | D        | Found a corrupted altar of Lugonu.
   263 | D        | Found a roughly hewn altar of Beogh.
   264 | D        | Found a hide-covered altar of Uskayaw.
   264 | D        | Found an ancient bone altar of Kikubaaqudgha.
   264 | D        | Found a broken altar of Ashenzari.
   303 | D        | Became a worshipper of Hepliaklqana the Forgotten
   316 | D        | Reached skill level 5 in Axes
   327 | D        | Reached skill level 7 in Axes
   327 | D        | Reached XP level 2. HP: 26/26 MP: 2/2
   333 | D        | Noticed a black bear
   343 | D        | Slain by a black bear

Illustrated notes

Levels and vault maps discovered:
D:        pitsprint [storerooms_1, entrance_room_1, metal_vault_5, armoury_1,
          mini_pit_1, grid_room_1, main_hall_1, silver_pit, the_coven_1,
          the_vestibule_1, steel_vault_2, golden_pit, hallway_of_sentries,
          crystal_vault_4, iron_vault_1, final_vault]

Skill      XL: |  1 |
---------------+----+-----
Axes           | 7 |  7.5
Fighting       | |  3.6
Armour         | |  3.2
Shields        | |  3.2

Action                     || total
---------------------------++-------
  Melee: Hand axe          ||    18
         War axe           ||     2
    Use: Potion            ||     2
 Armour: Scale mail        ||    26
  Dodge: Dodged            ||    14
  Block: Buckler           ||     4

Table legend: (Time is in decaauts)
 A = Elapsed time spent in this place.
 B = Non-inter-level travel time spent in this place.
 C = Inter-level travel time spent in this place.
 D = Time resting spent in this place.
 E = Time spent auto-exploring this place.
 F = Levels seen in this place.
 G = Mean time per level.
                   A        B        C        D        E       F      G
               +--------+--------+--------+--------+--------+-----+--------+
         Total |    347 |    347 |      0 |      0 |      0 |   1 |  347.0 |
       Dungeon |    347 |    347 |      0 |      0 |      0 |   1 |  347.0 |
               +--------+--------+--------+--------+--------+-----+--------+

Top non-repeatable levels by time:
       D: 347 daAuts
